 Dungeon Crawl Stone Soup version 0.18-a0-337-g1235303 (webtiles) character file.

582 xeno23 the Gusty (level 6, -1/47 HPs)
             Began as a Demigod Air Elementalist on Nov 28, 2015.
             Slain by Pikel
             ... wielding a +0 whip of freezing
              (3 damage)
             ... on level 4 of the Dungeon.
             The game lasted 00:18:47 (3437 turns).

xeno23 the Gusty (Demigod Air Elementalist)         Turns: 3437, Time: 00:18:48

Health: -1/47      AC:  4    Str: 13    XL:     6   Next: 90%
Magic:  3/14       EV: 13    Int: 19    God:
Gold:   138        SH:  0    Dex: 18    Spells: 4 memorised, 4 levels left

rFire  . . .     SeeInvis .     q - +0 blowgun
rCold  . . .     Clarity  .     r - +0 robe
rNeg   . . .     SustAt   +     (no shield)
rPois  .         Gourm    .     (no helmet)
rElec  .         Spirit   .     j - +1 cloak
rCorr  .         Warding  .     (no gloves)
rMut   .         Stasis   .     (no boots)
MR     .....                    (no amulet)
Stlth  ++........               (no ring)
                                (no ring)

@: repel missiles, not resistant to hostile enchantments, unstealthy
A: high mp 1, sustain attributes
a: no special abilities


You were on level 4 of the Dungeon.
You were very hungry.

You visited 1 branch of the dungeon, and saw 4 of its levels.
You also visited: Sewer.

You collected 138 gold pieces.

Inventory:

Hand Weapons
 e - a +3 dagger of protection
 q - a +0 blowgun (weapon)
Missiles
 v - 24 poisoned needles (quivered)
Armour
 j - a +1 cloak (worn)
 r - a +0 robe (worn)
Scrolls
 d - a scroll of magic mapping
 k - a scroll of remove curse
 t - a scroll of identify
Potions
 f - a potion of flight
 g - a potion of magic
 h - 2 potions of curing
 l - 2 potions of degeneration {unknown}
 n - a potion of resistance
 o - a potion of invisibility
 p - 2 potions of heal wounds
Books
 b - a book of Air

   Spells                             Type                      Level
   a - Shock                          Conjuration/Air              1
   b - Swiftness                      Charms/Air                   2
   c - Repel Missiles                 Charms/Air                   2
   d - Static Discharge               Conjuration/Air              3
   e - Lightning Bolt                 Conjuration/Air              5
Comestibles
 a - a beef jerky
 c - 4 bread rations
 i - 3 meat rations
 m - a slice of pizza
 s - a fruit


   Skills:
 + Level 1.2 Fighting
 + Level 1.1 Armour
 + Level 2.4 Dodging
 - Level 1.7 Stealth
 + Level 3.7 Spellcasting
 - Level 3.3 Conjurations
 + Level 1.2 Charms
 + Level 4.4 Air Magic


You had 4 spell levels left.
You knew the following spells:

 Your Spells              Type           Power        Failure   Level  Hunger
a - Shock                 Conj/Air       ###.         3%          1    None
b - Swiftness             Chrm/Air       ##......     10%         2    ##.....
q - Static Discharge      Conj/Air       ###.....     12%         3    ###....
r - Repel Missiles        Chrm/Air       ##....       10%         2    ##.....


Dungeon Overview and Level Annotations

Branches:
Dungeon (4/15)
 Temple: D:4-7

Annotations:
D:4 Pikel


Innate Abilities, Weirdness & Mutations

You have an increased reservoir of magic (+10% MP).
Your attributes are resistant to harm.


Message History

You see here a club.
Pikel says, "Slavery isn't that bad."
You are too injured to fight recklessly!
Firing (i - inventory):
v - 26 poisoned needles (quivered)
Press: ? - help, Shift-Dir - straight line, f - Pikel
Aim: Pikel, wielding a whip of freezing and wearing a glowing robe (almost dead)
You shoot a poisoned needle.
The poisoned needle closely misses Pikel.
Pikel barely misses you.
Found 15 silver bolts.
Found a snail-covered altar of Cheibriados.
Firing (i - inventory):
v - 25 poisoned needles (quivered)
Press: ? - help, Shift-Dir - straight line, f/p - Pikel
Aim: Pikel, wielding a whip of freezing and wearing a glowing robe (almost dead)
You shoot a poisoned needle. The poisoned needle hits Pikel!
Pikel is poisoned.
Pikel is almost dead.
Pikel hits you with a whip of freezing!
* * * LOW HITPOINT WARNING * * *
Pikel freezes you.
You die...

...........#,,,,,***,*,,****,,...
.......#**,*,,##...*,*.#* *,,...
....#..# *,*,,#...,*,#.# *,,...
.p..#..##*,,,,.._.,,...* *,,...
...###..#***,*,...*..#** **,...
p### #..# *,*,..##..# ***,. ##
##.## #.###.....# *** #..#
#.........# ##### ##.#
****#@#****##...###### #.## ##K#
#.........# ##.# #(.# ##.........
#.#####p## #......... #(......#
#....>.... ##.###### #.........
#.## #......... ##.# ##........
#p## #........


You could see Pikel and a slave.

Vanquished Creatures
  3 slaves (D:4)
  A crocodile (Sewer)
  An ogre (D:3)
  Blork the orc (D:4)
  A scorpion (D:4)
  A centaur skeleton (D:4)
  A giant frog skeleton (D:4)
  2 orc wizards (D:3)
  A worker ant (D:4)
  7 adders
  A river rat (D:4)
  2 oozes (D:2)
  6 giant geckos
  13 orcs (D:3)
  3 ball pythons
  10 goblins
  10 hobgoblins
  2 quokkas (D:3)
  11 bats
  6 giant cockroaches
  4 giant newts
  4 jackals
  8 kobolds
  10 rats
109 creatures vanquished.

Vanquished Creatures (others)
  A human (D:3)
1 creature vanquished.

Grand Total: 110 creatures vanquished

Notes
Turn   | Place    | Note
--------------------------------------------------------------
     0 | D:1      | xeno23 the Demigod Air Elementalist began the quest for the Orb.
     0 | D:1      | Reached XP level 1. HP: 14/14 MP: 5/5
     6 | D:1      | Reached skill level 1 in Conjurations
   156 | D:1      | Reached XP level 2. HP: 20/20 MP: 2/7
   470 | D:1      | Reached skill level 3 in Air Magic
   663 | D:2      | Reached XP level 3. HP: 24/26 MP: 5/9
   936 | D:2      | Reached XP level 4. HP: 33/33 MP: 2/10
  1377 | D:3      | Learned a level 2 spell: Swiftness
  1380 | D:3      | Learned a level 2 spell: Repel Missiles
  1384 | D:3      | Learned a level 3 spell: Static Discharge
  1497 | D:3      | Noticed an ogre
  1504 | D:3      | Killed an ogre
  1504 | D:3      | Reached XP level 5. HP: 38/38 MP: 3/12
  1622 | D:3      | Reached skill level 4 in Air Magic
  2338 | D:3      | Found an ancient bone altar of Kikubaaqudgha.
  2339 | D:3      | Noticed a human
  2342 | D:3      | Killed a human
  2529 | D:4      | Found a glowing drain.
  2566 | Sewer    | Entered a sewer
  2573 | Sewer    | Reached XP level 6. HP: 35/45 MP: 7/14
  2980 | D:4      | Noticed Pikel
  3027 | D:4      | Noticed Blork the orc
  3039 | D:4      | Killed Blork the orc
  3039 | D:4      | Reached skill level 1 in Armour
  3156 | D:4      | Reached skill level 1 in Fighting
  3246 | D:4      | Reached skill level 1 in Charms
  3434 | D:4      | Found a snail-covered altar of Cheibriados.
  3437 | D:4      | HP: 2/47 [Pikel/whip of freezing (8)]
  3437 | D:4      | Slain by Pikel

Vault maps used:
D:1:      dpeg_arrival_pits, hangedman_abyss_or_decor_stabs
D:3:      first_bread, tgw_kikubaaqudgha
D:4:      nicolae_overflow_crystal_walls, portal_sewer_entry_b, feat_on_display,
          uniq_blork_the_orc, uniq_eustachio, uniq_pikel, uniq_natasha
Sewer:    sewer_the_crocodile

Action                   |  1- 3 |  4- 6 || total
-------------------------+-------+-------++-------
Melee: Dagger            |    47 |    93 ||   140
       Unarmed           |     1 |       ||     1
 Fire: Blowgun           |       |    14 ||    14
 Cast: Shock             |    43 |   120 ||   163
       Repel Missiles    |       |     1 ||     1
       Static Discharge  |       |     4 ||     4
  Use: Scroll            |       |    17 ||    17
 Stab: Sleeping          |     1 |     4 ||     5
  Eat: Chunk             |       |     7 ||     7
